SAA
LANNISTER UNITED LIONHEARTS @ LANCASTER FARMERS
07/19/2034
 
TOP OF THE 1ST
Lannister United Lionhearts batting - Pitching for Lancaster Farmers : LHP Peace Addo
Pitching: LHP Peace Addo
Batting: RHB Gonzalo Vásquez 0-0: Called Strike
0-1: Ball
1-1: Foul Ball, location: 2F
1-2: Ball
2-2: Ball
3-2: Base on Balls
Batting: SHB Gerrie Bond 0-0: Foul Ball, location: 2F
0-1: Ball
1-1: Ball
2-1: Foul Ball, location: 2F
2-2: Ball
Wild Pitch!
Gonzalo Vásquez to second
3-2: Foul Ball, location: 2F
3-2: Foul Ball, location: 2F
3-2: Foul Ball, location: 2F
3-2: Strikes out looking
Batting: RHB Dejmi Dumervil 0-0: Ball
Gonzalo Vásquez steals 3rd base
1-0: Fly out, F9 (Flyball, 89S)
Runner from 3rd tags up, SCORES, no throw
Batting: RHB Andy Garnet 0-0: Fly out, F9 (Flyball, 9S)
Top of the 1st over - 1 run, 0 hits, 0 errors, 0 left on base; Lannister United 1 - Lancaster 0
BOTTOM OF THE 1ST
Lancaster Farmers batting - Pitching for Lannister United Lionhearts : RHP Kliment Spirk
Pitching: RHP Kliment Spirk
Batting: LHB Francisco Barranco 0-0: Swinging Strike
0-1: Ball
1-1: Swinging Strike
1-2: Ball
2-2: Foul Ball, location: 2F
2-2: Ball
3-2: Fly out, F9 (Flyball, 89S)
Batting: RHB José Medina 0-0: Fly out, F6 (Popup, 6)
Batting: LHB Ramón Padilla 0-0: Ball
1-0: Swinging Strike
1-1: Ground out 5-3 (Groundball, 56)
Bottom of the 1st over - 0 runs, 0 hits, 0 errors, 0 left on base; Lannister United 1 - Lancaster 0
TOP OF THE 2ND
Lannister United Lionhearts batting - Pitching for Lancaster Farmers : LHP Peace Addo
Batting: LHB Dave Watts 0-0: Called Strike
0-1: Ball
1-1: Foul Ball, location: 2F
1-2: Strikes out swinging
Batting: SHB Miklos Elias 0-0: Ball
1-0: Ground out 4-3 (Groundball, 4S)
Batting: RHB Mareka Naidoo 0-0: SOLO HOME RUN (Flyball, 7D), Distance : 398 ft
Batting: RHB Juan López 0-0: Ball
1-0: Ground out U3 (Groundball, 34)
Top of the 2nd over - 1 run, 1 hit, 0 errors, 0 left on base; Lannister United 2 - Lancaster 0
BOTTOM OF THE 2ND
Lancaster Farmers batting - Pitching for Lannister United Lionhearts : RHP Kliment Spirk
Batting: RHB Domingo Altamiraño 0-0: Called Strike
0-1: Called Strike
0-2: Foul Ball, location: 2F
0-2: Foul Ball, location: 2F
0-2: Ground out 4-3 (Groundball, 4)
Batting: LHB Joe Davidson 0-0: Ball
1-0: Swinging Strike
1-1: Foul Ball, location: 2F
1-2: DOUBLE (Line Drive, 3D)
Batting: RHB Cisco Gómez 0-0: Ball
1-0: Ball
2-0: Foul Ball, location: 2F
2-1: Ball
3-1: Base on Balls
Batting: RHB Min-tae Yi 0-0: Ball
1-0: Grounds into double play, 6-4-3 (Groundball, 6)
Bottom of the 2nd over - 0 runs, 1 hit, 0 errors, 1 left on base; Lannister United 2 - Lancaster 0
TOP OF THE 3RD
Lannister United Lionhearts batting - Pitching for Lancaster Farmers : LHP Peace Addo
Batting: RHB Víctor Murguia 0-0: Ground out 4-3 (Groundball, 4D)
Batting: RHB Gonzalo Vásquez 0-0: Fly out, F9 (Flyball, 9LM)
Batting: SHB Gerrie Bond 0-0: SINGLE (Flyball, 9LM)
Batting: RHB Dejmi Dumervil 0-0: Ball
1-0: Ball
2-0: Ball
3-0: Base on Balls
Gerrie Bond to second
Batting: RHB Andy Garnet 0-0: Ball
1-0: Fly out, F2 (Popup, 25F)
Top of the 3rd over - 0 runs, 1 hit, 0 errors, 2 left on base; Lannister United 2 - Lancaster 0
BOTTOM OF THE 3RD
Lancaster Farmers batting - Pitching for Lannister United Lionhearts : RHP Kliment Spirk
Batting: RHB Rusty Fox 0-0: Called Strike
0-1: Foul Ball, location: 2F
0-2: Fly out, F7 (Flyball, 7LS)
Batting: RHB Jesús Herrera 0-0: Called Strike
0-1: Called Strike
0-2: Ground out 4-3 (Groundball, 4)
Batting: LHB Francisco Barranco 0-0: Called Strike
0-1: Ball
1-1: SINGLE (Line Drive, 89M)
Batting: RHB José Medina 0-0: Ball
Francisco Barranco is caught stealing 2nd base
Bottom of the 3rd over - 0 runs, 1 hit, 0 errors, 0 left on base; Lannister United 2 - Lancaster 0
TOP OF THE 4TH
Lannister United Lionhearts batting - Pitching for Lancaster Farmers : LHP Peace Addo
Batting: LHB Dave Watts 0-0: Ball
1-0: Ball
2-0: Called Strike
2-1: Ball
3-1: Swinging Strike
3-2: Foul Ball, location: 2F
3-2: Foul Ball, location: 2F
3-2: Ground out 4-3 (Groundball, 4)
Batting: SHB Miklos Elias 0-0: Swinging Strike
0-1: Foul Ball, location: 2F
0-2: Ball
1-2: Foul Ball, location: 2F
1-2: Ball
2-2: Ball
3-2: DOUBLE (Line Drive, 3D)
Batting: RHB Mareka Naidoo 0-0: Ball
Miklos Elias steals 3rd base
1-0: Fly out, F8 (Flyball, 8LM)
Runner from 3rd tags up, SCORES, no throw
Batting: RHB Juan López 0-0: Foul Ball, location: 2F
0-1: Ball
1-1: Ball
2-1: Ball
3-1: Base on Balls
Batting: RHB Víctor Murguia 0-0: Ball
1-0: Ground out 4-3 (Groundball, 34)
Top of the 4th over - 1 run, 1 hit, 0 errors, 1 left on base; Lannister United 3 - Lancaster 0
BOTTOM OF THE 4TH
Lancaster Farmers batting - Pitching for Lannister United Lionhearts : RHP Kliment Spirk
Batting: RHB José Medina 0-0: Ball
1-0: Ground out 6-3 (Groundball, 6S)
Batting: LHB Ramón Padilla 0-0: Ball
1-0: Ball
2-0: Ball
3-0: Base on Balls
Batting: RHB Domingo Altamiraño 0-0: Ball
1-0: Foul Ball, location: 2F
1-1: Fly out, F8 (Line Drive, 8RD)
Batting: LHB Joe Davidson 0-0: Called Strike
0-1: Ball
1-1: Called Strike
1-2: SINGLE (Line Drive, 34)
Ramón Padilla to second
Runner from 2nd tries for 3rd, SAFE, throw made to third
Batting: RHB Cisco Gómez 0-0: Fly out, F8 (Flyball, 89M)
Bottom of the 4th over - 0 runs, 1 hit, 0 errors, 2 left on base; Lannister United 3 - Lancaster 0
TOP OF THE 5TH
Lannister United Lionhearts batting - Pitching for Lancaster Farmers : LHP Peace Addo
Batting: RHB Gonzalo Vásquez 0-0: Fly out, F9 (Flyball, 9D)
Batting: SHB Gerrie Bond 0-0: Ground out 4-3 (Groundball, 4)
Batting: RHB Dejmi Dumervil 0-0: Ball
1-0: Ball
2-0: Called Strike
2-1: Ball
3-1: Base on Balls
Batting: RHB Andy Garnet 0-0: Ball
1-0: Ball
2-0: Called Strike
2-1: Ball
3-1: Base on Balls
Dejmi Dumervil to second
Batting: LHB Dave Watts 0-0: Foul Ball, location: 2F
0-1: Fielders Choice at 2nd, 6-4 (Groundball, 6)
Top of the 5th over - 0 runs, 0 hits, 0 errors, 2 left on base; Lannister United 3 - Lancaster 0
BOTTOM OF THE 5TH
Lancaster Farmers batting - Pitching for Lannister United Lionhearts : RHP Kliment Spirk
Batting: RHB Min-tae Yi 0-0: Ball
1-0: Ground out 4-3 (Groundball, 4M)
Batting: RHB Rusty Fox 0-0: Foul Ball, location: 2F
0-1: Fly out, F8 (Line Drive, 89M)
Batting: RHB Jesús Herrera 0-0: Called Strike
0-1: DOUBLE (Line Drive, 8LD)
Batting: LHB Francisco Barranco 0-0: Ball
1-0: Ground out 4-3 (Groundball, 4)
Bottom of the 5th over - 0 runs, 1 hit, 0 errors, 1 left on base; Lannister United 3 - Lancaster 0
TOP OF THE 6TH
Lannister United Lionhearts batting - Pitching for Lancaster Farmers : LHP Peace Addo
Batting: SHB Miklos Elias 0-0: Ball
1-0: Foul Ball, location: 2F
1-1: Foul Ball, location: 2F
1-2: Strikes out looking
Batting: RHB Mareka Naidoo 0-0: Called Strike
0-1: Foul Ball, location: 2F
0-2: Strikes out swinging
Batting: RHB Juan López 0-0: Ball
1-0: Ball
2-0: Ground out 3-1 (Groundball, 34S)
Top of the 6th over - 0 runs, 0 hits, 0 errors, 0 left on base; Lannister United 3 - Lancaster 0
BOTTOM OF THE 6TH
Lancaster Farmers batting - Pitching for Lannister United Lionhearts : RHP Kliment Spirk
Batting: RHB José Medina 0-0: Fly out, F7 (Flyball, 7LS)
Batting: LHB Ramón Padilla 0-0: Called Strike
0-1: Ball
1-1: SINGLE (Line Drive, 8LS)
Batting: RHB Domingo Altamiraño 0-0: Foul Ball, location: 2F
0-1: Ball
Ramón Padilla steals 2nd base
1-1: Foul Ball, location: 2F
1-2: Foul Ball, location: 2F
1-2: Ball
2-2: Fly out, F7 (Flyball, 78M)
Batting: LHB Joe Davidson 0-0: Ball
1-0: Ball
2-0: SINGLE (Line Drive, 4M)
Ramón Padilla to third
Runner from 3rd tries for Home, SAFE, no throw
Batting: RHB Cisco Gómez 0-0: Foul Ball, location: 2F
0-1: Foul Ball, location: 2F
0-2: Strikes out swinging
Bottom of the 6th over - 1 run, 2 hits, 0 errors, 1 left on base; Lannister United 3 - Lancaster 1
TOP OF THE 7TH
Lannister United Lionhearts batting - Pitching for Lancaster Farmers : LHP Peace Addo
Batting: RHB Víctor Murguia 0-0: Ball
1-0: Foul Ball, location: 2F
1-1: Fly out, F7 (Flyball, 7LMF)
Batting: RHB Gonzalo Vásquez 0-0: Ball
1-0: Ball
2-0: Called Strike
2-1: SINGLE (Line Drive, 5D)
Pitching: RHP Tony Wolfe
Batting: SHB Gerrie Bond 0-0: Fielders Choice at 2nd, 6-4 (Groundball, 6)
Batting: RHB Dejmi Dumervil 0-0: Ball
1-0: Called Strike
1-1: Swinging Strike
1-2: Ball
2-2: Foul Ball, location: 2F
2-2: Strikes out swinging
Top of the 7th over - 0 runs, 1 hit, 0 errors, 1 left on base; Lannister United 3 - Lancaster 1
BOTTOM OF THE 7TH
Lancaster Farmers batting - Pitching for Lannister United Lionhearts : RHP Kliment Spirk
Batting: RHB Min-tae Yi 0-0: Ball
1-0: Foul Ball, location: 2F
1-1: Fly out, F3 (Popup, 3L)
Batting: RHB Rusty Fox 0-0: Foul Ball, location: 2F
0-1: Ball
1-1: Ball
2-1: Ball
3-1: SINGLE (Groundball, 4) (infield hit)
Batting: RHB Jesús Herrera 0-0: Swinging Strike
0-1: Foul Ball, location: 2F
0-2: Strikes out swinging
Batting: LHB Francisco Barranco 0-0: Called Strike
0-1: Called Strike
0-2: Ground out 4-3 (Groundball, 4)
Bottom of the 7th over - 0 runs, 1 hit, 0 errors, 1 left on base; Lannister United 3 - Lancaster 1
TOP OF THE 8TH
Lannister United Lionhearts batting - Pitching for Lancaster Farmers : RHP Tony Wolfe
Batting: RHB Andy Garnet 0-0: Ball
1-0: Foul Ball, location: 2F
1-1: Ground out 6-3 (Groundball, 6)
Batting: LHB Dave Watts 0-0: Ball
1-0: Called Strike
1-1: Swinging Strike
1-2: Ball
2-2: Strikes out swinging
Batting: SHB Miklos Elias 0-0: Called Strike
0-1: Swinging Strike
0-2: Ball
1-2: Strikes out swinging
Top of the 8th over - 0 runs, 0 hits, 0 errors, 0 left on base; Lannister United 3 - Lancaster 1
BOTTOM OF THE 8TH
Lancaster Farmers batting - Pitching for Lannister United Lionhearts : RHP Kliment Spirk
Now at 3B: Curt Deal
Batting: RHB José Medina 0-0: Fly out, F7 (Flyball, 7LM)
Batting: LHB Ramón Padilla 0-0: Ball
1-0: Foul Ball, location: 2F
1-1: Ball
2-1: Ball
3-1: Fly out, F7 (Flyball, 7)
Batting: RHB Domingo Altamiraño 0-0: Called Strike
0-1: TRIPLE (Line Drive, 9D)
Batting: LHB Joe Davidson 0-0: Ball
1-0: Fly out, F7 (Flyball, 7LMF)
Bottom of the 8th over - 0 runs, 1 hit, 0 errors, 1 left on base; Lannister United 3 - Lancaster 1
TOP OF THE 9TH
Lannister United Lionhearts batting - Pitching for Lancaster Farmers : RHP Tony Wolfe
Batting: RHB Mareka Naidoo 0-0: Called Strike
0-1: Ball
1-1: Swinging Strike
1-2: Ground out 4-3 (Groundball, 4M)
Batting: RHB Juan López 0-0: Ball
1-0: Fly out, F8 (Flyball, 8RS)
Batting: RHB Víctor Murguia 0-0: Swinging Strike
0-1: Foul Ball, location: 2F
0-2: Strikes out swinging
Top of the 9th over - 0 runs, 0 hits, 0 errors, 0 left on base; Lannister United 3 - Lancaster 1
BOTTOM OF THE 9TH
Lancaster Farmers batting - Pitching for Lannister United Lionhearts : RHP Kliment Spirk
Pitching: RHP Joy-shan Men
Batting: RHB Cisco Gómez 0-0: Ball
1-0: Ground out 6-3 (Groundball, 6)
Batting: RHB Min-tae Yi 0-0: Called Strike
0-1: Ball
1-1: Swinging Strike
1-2: Ball
2-2: Ball
3-2: Strikes out looking
Batting: RHB Rusty Fox 0-0: Ball
1-0: Ball
2-0: Ball
3-0: Called Strike
3-1: Base on Balls
Batting: RHB Jesús Herrera 0-0: Called Strike
0-1: Ball
1-1: Fly out, F7 (Line Drive, 7S)
Bottom of the 9th over - 0 runs, 0 hits, 0 errors, 1 left on base; Lannister United 3 - Lancaster 1
Friday, March 29th, 2019 - OOTP Baseball 18.8 Build 76